[Event "Israel Team Ch Under 18"]
[Site "Jerusalem"]
[Date "2017.08.14"]
[Round "4"]
[White "Niriev, Michael"]
[Black "Avineri, Paz"]
[Result "0-1"]
[ECO "B80"]
[WhiteElo "1619"]
[BlackElo "1807"]
[Annotator "NA RC"]
[PlyCount "92"]
[EventDate "2017.??.??"]
[EventType "swiss"]
[EventCountry "ISR"]
[SourceTitle "playchess.com"]
[Source "ChessBase"]
[SourceQuality "1"]
[TimeControl "40/5400+30:1800+30"]

1. e4 c5 2. Nf3 e6 3. d4 cxd4 4. Nxd4 Nf6 5. Nc3 d6 6. Be3 a6 7. a3 b5 8. Be2 Bb7 9. f3 Nbd7 10. O-O Be7 11. Qd2 Qc7 {[%emt 0:01:30] LiveBook: 4 Games} 12. Rac1 {[%emt 0:00:57] B84: Sicilian Scheveningen: 6 Be2 a6, lines without early Be3} (12. Qe1 O-O 13. Kh1 d5 14. exd5 Nxd5 15. Nxd5 Bxd5 16. Rd1 Nb6 17. Bd3 Na4 18. Bc1 Nc5 19. Be2 Rfd8 {0-1 (37) Mogranzini,R (2401)-Palac,M (2571) Cannes 2007}) 12... O-O 13. Rfd1 Rac8 14. Bxb5 $146 (14. Ndxb5 $11 {keeps the balance.} axb5 15. Nxb5) ({Find the theoretical novelty and annotate with similar games:} 14. Kh1 Rfd8 15. Nb3 d5 16. exd5 Nxd5 17. Nxd5 Bxd5 18. Qe1 Bf6 19. Bd4 Qf4 20. Bxf6 Qxf6 {0-1 (45) Hasberger,W (1975)-Limberg,S (2143) Lignano Sabbiadoro 2005}) 14... axb5 15. Ndxb5 {[%emt 0:00:28] [#]} Qb8 $1 16. Nxd6 {[%emt 0:01:05] [#]} Bxd6 (16... Rc6 $1 $19 17. Nxb7 Qxb7) 17. Qxd6 Qxd6 18. Rxd6 Ne5 19. b3 $2 (19. Nd1 $11) 19... Nxf3+ 20. gxf3 Rxc3 21. Rd3 Rfc8 22. Rxc3 (22. a4 $17 {was necessary.}) 22... Rxc3 23. Kf2 {[%emt 0:00:21] [#]} Bxe4 $1 24. fxe4 Ng4+ ({Worse is} 24... Nxe4+ 25. Ke2 $11) 25. Kf3 Nxe3 26. Ke2 $2 (26. a4 Nd5+ 27. Ke2) 26... Rxc2+ 27. Rxc2 Nxc2 28. a4 Nd4+ 29. Kd3 Nxb3 30. Kc4 Kf8 31. Kxb3 Ke7 32. Kc4 Kd6 33. Kd4 f5 34. exf5 exf5 35. a5 g5 36. a6 Kc6 37. Ke5 f4 38. Ke4 Kb6 $19 39. Kf3 Kxa6 40. Kg4 Kb5 41. Kxg5 f3 42. Kh6 f2 43. h4 f1=Q 44. Kxh7 Qf7+ 45. Kh6 Qg8 46. h5 Qh8+ 0-1

[Event "Israel Team Ch Under 18"]
[Site "Jerusalem"]
[Date "2017.08.14"]
[Round "4"]
[White "Arian, Tomer"]
[Black "Kochavi, Ori"]
[Result "0-1"]
[ECO "B22"]
[WhiteElo "1471"]
[BlackElo "1901"]
[Annotator "NA RC"]
[PlyCount "110"]
[EventDate "2017.??.??"]
[EventType "swiss"]
[EventCountry "ISR"]
[SourceTitle "playchess.com"]
[Source "ChessBase"]
[SourceQuality "1"]
[TimeControl "40/5400+30:1800+30"]

1. e4 c5 2. c3 d5 3. exd5 Qxd5 4. d4 Nc6 5. Nf3 cxd4 6. cxd4 e6 7. Nc3 Bb4 8. Be2 Nf6 9. O-O Qd8 10. Bg5 Be7 11. Bf4 O-O {LiveBook: 22 Games} 12. Bd3 {B22: Sicilian: 2 c3} (12. Rc1 b6 13. Bd3 Bb7 14. Re1 Rc8 15. Bb1 Nb4 16. a3 Nbd5 17. Be5 Nxc3 18. Rxc3 Rxc3 19. bxc3 Bxa3 20. Qa4 {1-0 (67) Gaponenko,I (2469)-Koneru,H (2614) Moscow 2010}) 12... Kh8 $146 ({Predecessor:} 12... b6 13. Ne4 Nd5 14. Bg3 f5 15. Be5 fxe4 16. Bxe4 Bf6 17. Qc2 Bxe5 18. Bxh7+ Kh8 19. dxe5 Rxf3 20. gxf3 {0-1 (39) Jenssen,O (1933)-Barle,J (2337) Porto 2014}) 13. Bc2 Nb4 14. Re1 Nxc2 15. Qxc2 b6 16. h3 Bb7 17. Re3 Bxf3 18. Rxf3 Qxd4 19. Rd1 Qc5 20. Qe2 Rad8 21. Rc1 Nd5 22. Nxd5 Qxd5 23. Qa6 (23. Rc7 $15 Rd7 24. Rxd7 Qxd7 25. Bg3) 23... Rd7 24. Rfc3 e5 25. Be3 Bd6 26. Rc8 Qb7 (26... Kg8 $17) 27. Qxb7 Rxb7 28. Rxf8+ Bxf8 29. Rc8 Kg8 30. Bd2 f6 31. Bb4 $1 Rf7 32. Ra8 a5 33. Bd6 g6 34. Rb8 Kg7 35. Bxf8+ Rxf8 36. Rxb6 h5 37. Kf1 Rc8 38. Ra6 Rc1+ 39. Ke2 Rc2+ 40. Ke3 Rxb2 41. Rxa5 Kf7 42. Ra7+ Ke6 43. Ra6+ Kf5 44. a4 Rb3+ 45. Ke2 h4 46. a5 Ra3 47. Ra8 Ke4 48. a6 Ra2+ 49. Ke1 f5 $11 50. Rh8 Rxa6 51. Rxh4+ Kd3 52. f3 Ke3 53. Kd1 Ra1+ 54. Kc2 Ra2+ 55. Kc3 Rxg2 0-1

[Event "Israel Team Ch Under 18"]
[Site "Jerusalem"]
[Date "2017.08.14"]
[Round "5"]
[White "Erenberg, Ariel"]
[Black "Yaniv, Ori"]
[Result "1/2-1/2"]
[ECO "E97"]
[WhiteElo "2386"]
[BlackElo "1998"]
[Annotator "ChessBase"]
[PlyCount "59"]
[EventDate "2017.??.??"]
[EventType "swiss"]
[EventCountry "ISR"]
[SourceTitle "playchess.com"]
[Source "ChessBase"]
[SourceQuality "1"]
[TimeControl "40/5400+30:1800+30"]

1. d4 Nf6 2. c4 g6 3. Nc3 Bg7 4. e4 d6 5. Nf3 O-O 6. Be2 e5 7. O-O Nc6 8. d5 Ne7 9. b4 Nh5 10. Re1 f5 11. Ng5 Nf6 12. f3 Kh8 13. Rb1 h6 14. Ne6 Bxe6 15. dxe6 fxe4 16. fxe4 Nc6 17. Qd3 Ng8 18. Qh3 Nd4 19. Nd5 c6 20. Bxh6 Bxh6 21. e7 Nxe7 22. Qxh6+ Kg8 23. Nxe7+ Qxe7 24. Qxg6+ Qg7 25. Qxg7+ Kxg7 26. Bg4 Rf4 27. h3 Raf8 28. Rb2 Kg6 29. a4 a6 30. a5 1/2-1/2

[Event "Israel Team Ch Under 18"]
[Site "Jerusalem"]
[Date "2017.08.14"]
[Round "5"]
[White "Drori, Saar"]
[Black "Slobodiansky, Steven"]
[Result "1-0"]
[ECO "A45"]
[WhiteElo "2354"]
[BlackElo "1963"]
[Annotator "NA"]
[PlyCount "121"]
[EventDate "2017.??.??"]
[EventType "swiss"]
[EventCountry "ISR"]
[SourceTitle "playchess.com"]
[Source "ChessBase"]
[SourceQuality "1"]
[TimeControl "40/5400+30:1800+30"]

1. d4 Nf6 2. g3 g6 3. Bg2 Bg7 4. e4 d6 5. Ne2 O-O 6. O-O e5 7. Nbc3 Nc6 8. h3 Ne8 9. Be3 f5 {[%emt 0:02:08] B07: Pirc Defence: Miscellaneous Systems} (9... Kh8 10. Qd2 exd4 11. Nxd4 Bd7 12. Rad1 Nxd4 13. Bxd4 Bc6 14. Rfe1 Qd7 15. Bxg7+ Nxg7 16. e5 Bxg2 17. Kxg2 {1-0 (32) Franzoni,G (2455)-Ker,A (2295) Novi Sad 1990}) 10. exf5 Bxf5 11. g4 Bd7 12. d5 $146 ({Predecessor:} 12. Qd2 Nf6 13. Bg5 Qc8 14. d5 Nd8 15. Ng3 Nf7 16. Bxf6 Bxf6 17. Nge4 {½-½ (52) Osorio Machado,J-Vieira,P Vitoria 1999}) 12... Ne7 13. Ne4 h6 14. c4 g5 15. Qd3 Nf6 16. Nxf6+ Rxf6 17. Ng3 Be8 18. Be4 Bg6 19. Bxg6 Nxg6 20. Nh5 Nf4 21. Bxf4 gxf4 22. Nxf6+ Qxf6 23. Qf3 Rf8 24. Rfe1 Qg6 25. Kh2 b6 26. Re4 Bf6 27. b4 Bh4 28. Re2 Re8 29. Rae1 Bf6 30. Re4 Kf7 31. c5 Be7 32. Qe2 Bd8 $18 33. cxb6 cxb6 34. Rxf4+ Kg7 35. Rf5 Bf6 36. Qc4 Qf7 37. Qc6 Qe7 38. Re4 Qd8 39. Rc4 Re7 40. Kg2 Rf7 41. Qc8 Qd7 42. Qxd7 Rxd7 43. Kf3 Re7 44. Ke4 Rd7 45. Rc8 Rb7 46. b5 Rd7 47. Rf3 Kg6 48. Rfc3 Bd8 49. R3c6 Kg5 50. Rc3 Kg6 51. f3 Kg5 52. h4+ Kg6 53. R3c6 Kg7 54. Kf5 Kf7 55. g5 hxg5 56. hxg5 Ke8 57. g6 Ke7 58. g7 Kf7 59. g8=Q+ Kxg8 60. Ke6 Re7+ 61. Kxd6 1-0

[Event "Israel Team Ch Under 18"]
[Site "Jerusalem"]
[Date "2017.08.14"]
[Round "5"]
[White "Aroesti, Roee"]
[Black "Kupervaser, Erez"]
[Result "0-1"]
[ECO "B52"]
[WhiteElo "2304"]
[BlackElo "1868"]
[Annotator "NA"]
[PlyCount "96"]
[EventDate "2017.??.??"]
[EventType "swiss"]
[EventCountry "ISR"]
[SourceTitle "playchess.com"]
[Source "ChessBase"]
[SourceQuality "1"]
[TimeControl "40/5400+30:1800+30"]

1. e4 c5 2. Nf3 d6 3. Bb5+ Bd7 4. Bxd7+ Qxd7 5. c4 Nf6 6. Nc3 g6 {[%emt 0:00:25] B52: Sicilian: Moscow Variation with 3...Bd7} 7. d4 cxd4 8. Nxd4 Bg7 9. f3 Qc7 {[%emt 0:02:13] LiveBook: 19 Games} 10. Be3 (10. b3 Qa5 11. Bd2 Nc6 12. Nd5 Qd8 13. Bc3 e6 14. Nxc6 bxc6 {½-½ (30) Ni,H (2674)-Li,C (2720) China 2017}) 10... Qxc4 11. Rc1 Qb4 12. Nb3 Na6 13. O-O Nc5 $146 ({Find the theoretical novelty and annotate with similar games:} 13... O-O 14. a3 {0-1 (36) Olsarova,K (2274)-Petrukhina,I (2156) Plovdiv 2014}) 14. e5 Nxb3 15. exf6 Nxc1 16. fxg7 Rg8 17. Qxc1 Rc8 18. Re1 Rxg7 19. Bh6 ({Less strong is} 19. Bxa7 f5 $18) 19... Rg8 20. Qe3 Qc5 {[%emt 0:03:40] [#]} 21. Qxc5 (21. Bg5 $1 $16) 21... Rxc5 22. Ne4 (22. Be3 $5 Ra5 23. b4 $11) 22... Re5 23. Bf4 Re6 $11 24. Kf2 d5 25. Nc3 Rxe1 26. Kxe1 e6 27. Nb5 Ke7 28. Nxa7 Ra8 29. Be3 e5 30. Bc5+ Kd7 31. a4 d4 32. b4 Ke6 33. a5 Kd5 34. Nb5 Rc8 35. Nd6 Rc7 36. g4 f6 37. Kd2 Ke6 38. h4 f5 39. g5 Kd5 40. Ne8 Rf7 41. Nd6 Rd7 42. Nc8 Rd8 43. Nd6 Rxd6 44. Bxd6 Kxd6 45. Kd3 Kd5 46. b5 e4+ 47. Ke2 Kc5 48. a6 bxa6 0-1

[Event "Israel Team Ch Under 18"]
[Site "Jerusalem"]
[Date "2017.08.14"]
[Round "5"]
[White "Cohen Revivo, Shoham"]
[Black "Zemach, Roee"]
[Result "1/2-1/2"]
[ECO "C55"]
[WhiteElo "2186"]
[BlackElo "1996"]
[Annotator "NA"]
[PlyCount "57"]
[EventDate "2017.??.??"]
[EventType "swiss"]
[EventCountry "ISR"]
[SourceTitle "playchess.com"]
[Source "ChessBase"]
[SourceQuality "1"]
[TimeControl "40/5400+30:1800+30"]

1. e4 e5 2. Nf3 Nc6 3. Bc4 Nf6 4. d3 Be7 5. a4 O-O 6. O-O d6 7. a5 a6 8. Re1 Be6 9. Nbd2 {[%emt 0:00:43] C55: Two Knights: 4 d3, 4 d4 exd4 5 e5 and Max Lange Attack} (9. h3 d5 10. exd5 Bxd5 11. Bxd5 Qxd5 12. Nc3 Qd6 13. Nxe5 Nxe5 14. Bf4 Nfd7 15. d4 f6 16. dxe5 fxe5 {½-½ (68) Amin,B (2665)-Gasanov,E (2485) Al Ain 2015}) 9... Re8 10. Nf1 d5 $146 ({Find the theoretical novelty and annotate with similar games:} 10... Qd7 11. c3 Bxc4 12. dxc4 Bf8 13. Bg5 Qe6 14. Bxf6 Qxf6 15. Ne3 Re6 16. Nd5 {1-0 (59) Katzir,M (2279)-Simonyi,Z (2225) Budapest 2009}) 11. exd5 Bxd5 12. Bxd5 Qxd5 13. Bg5 Nd7 14. Ne3 Qb5 15. Nf5 Bf8 16. Bd2 f6 (16... e4 $5 17. dxe4 Nf6 $11) 17. c4 Qxb2 18. Rb1 Qa3 19. Rb3 Qa4 20. Rxb7 Qxd1 21. Rxd1 Rac8 22. Be3 Nc5 23. Bxc5 Bxc5 $17 24. Nd2 Nxa5 25. Rb2 Nc6 26. Ne4 Bf8 27. Ne3 a5 28. Rb7 Nb4 29. Ra7 1/2-1/2

[Event "Israel Team Ch Under 18"]
[Site "Jerusalem"]
[Date "2017.08.14"]
[Round "5"]
[White "Emanuel, Yahav"]
[Black "Sassoon, Roei"]
[Result "1-0"]
[ECO "B23"]
[WhiteElo "2146"]
[BlackElo "1779"]
[Annotator "NA"]
[PlyCount "49"]
[EventDate "2017.??.??"]
[EventType "swiss"]
[EventCountry "ISR"]
[SourceTitle "playchess.com"]
[Source "ChessBase"]
[SourceQuality "1"]
[TimeControl "40/5400+30:1800+30"]

1. e4 c5 2. Nc3 Nc6 3. f4 e6 4. Nf3 Nge7 5. d4 cxd4 6. Nxd4 Nxd4 7. Qxd4 Nc6 8. Qf2 Be7 9. Bc4 {B23: Closed Sicilian: Lines without g3} (9. Be3 Qa5 10. Qg3 O-O 11. O-O-O b5 12. Bxb5 Rb8 13. a4 a6 14. Bxc6 dxc6 15. f5 Qb4 16. Bd4 f6 {½-½ (48) Nielsen,P (2341)-Zlotkowski,A (2385) ICCF email 2007}) 9... a6 10. Be3 O-O $146 ({Predecessor:} 10... Bb4 11. Bd2 b5 12. Bd3 Ba5 13. O-O-O Bb6 14. Be3 {0-1 (31) Scriber,D-Nimylowych,W East Lansing 1991}) 11. Bb6 Qe8 12. O-O-O Bd8 13. Rhe1 Bxb6 14. Qxb6 Qd8 15. Na4 Qh4 16. g3 Qxh2 17. Qe3 Qh5 18. Nb6 Rb8 19. e5 Ne7 20. Rh1 Nf5 21. Qf2 Qg4 22. Rdg1 Nh6 23. Bd3 Nf5 24. Be2 $18 Qg6 25. Bh5 1-0

[Event "Israel Team Ch Under 18"]
[Site "Jerusalem"]
[Date "2017.08.14"]
[Round "5"]
[White "Milikow, Yoav"]
[Black "Fainman, Tomer"]
[Result "1-0"]
[ECO "D12"]
[WhiteElo "2137"]
[BlackElo "1976"]
[Annotator "NA"]
[PlyCount "105"]
[EventDate "2017.??.??"]
[EventType "swiss"]
[EventCountry "ISR"]
[SourceTitle "playchess.com"]
[Source "ChessBase"]
[SourceQuality "1"]
[TimeControl "40/5400+30:1800+30"]

1. d4 d5 2. c4 c6 3. Nf3 Nf6 4. e3 Bf5 5. Nc3 e6 6. cxd5 exd5 7. Be2 Bd6 {[%emt 0:00:28] D12: Slav Defence: 3 Nf3 Nf6 4 e3 Bf5} 8. Qb3 Qb6 9. Na4 $146 ({Predecessor:} 9. Bd2 Nbd7 10. O-O Ne4 11. Be1 h6 12. Rc1 O-O 13. Na4 Qxb3 14. axb3 Rfe8 15. b4 {0-1 (48) Serra Pages,J (2191)-Baron Rodriguez,J (2384) Barcelona 2000}) 9... Qxb3 10. axb3 Nbd7 11. O-O h6 12. Ne1 O-O 13. Nd3 Ne4 14. f3 Nef6 15. Bd2 Rfe8 16. Rfc1 Bh7 17. Nac5 Nxc5 18. Nxc5 Bxc5 19. Rxc5 Nd7 20. Rc3 a6 21. Kf2 Nf8 22. Rcc1 Ne6 23. Kf1 Nc7 24. Ra4 Ne6 25. Kf2 Re7 26. Bb4 Rd7 27. Rg1 Bc2 28. Ra3 Re8 29. Rc1 Bh7 30. Bf1 f5 31. Re1 $11 f4 32. Raa1 Rdd8 33. Ba5 Rc8 34. Bb6 fxe3+ 35. Rxe3 Nf8 36. Rae1 Kf7 37. g3 g5 38. Bh3 Rxe3 39. Rxe3 Re8 40. Rxe8 Kxe8 41. Bc8 Bd3 42. Ke3 Bf1 43. Bf5 Kf7 44. Bc7 Ne6 45. Be5 Bb5 46. Bg4 Bf1 47. b4 Bc4 48. f4 b6 49. Bh5+ Ke7 50. f5 Nf8 51. Bg7 Nh7 52. Bxh6 Kf6 53. Bg6 1-0

[Event "Israel Team Ch Under 18"]
[Site "Jerusalem"]
[Date "2017.08.14"]
[Round "5"]
[White "Lukin, Elisha"]
[Black "Kotler, Yiftah"]
[Result "1-0"]
[ECO "E42"]
[WhiteElo "2085"]
[BlackElo "1715"]
[Annotator "NA"]
[PlyCount "77"]
[EventDate "2017.??.??"]
[EventType "swiss"]
[EventCountry "ISR"]
[SourceTitle "playchess.com"]
[Source "ChessBase"]
[SourceQuality "1"]
[TimeControl "40/5400+30:1800+30"]

1. d4 Nf6 2. c4 e6 3. Nc3 Bb4 4. e3 c5 5. Nge2 b6 6. a3 Bxc3+ 7. Nxc3 O-O 8. Bd3 Bb7 9. O-O d5 10. cxd5 exd5 11. Ne2 {[%emt 0:09:23] E44: Nimzo-Indian: Rubinstein: 4...b6 5 Ne2} (11. b4 cxd4 12. exd4 Ne4 13. Bxe4 dxe4 14. d5 Qf6 15. Bb2 Nd7 16. Qg4 Rad8 17. Qxe4 Qg5 18. f4 Qh5 {½-½ (45) Milov,V (2659)-Kortschnoj,V (2606) Switzerland 2007}) 11... Nbd7 $146 ({Find the theoretical novelty and annotate with similar games:} 11... Nc6 12. Bd2 Qe7 13. Rc1 Rfc8 14. f3 a5 15. Re1 c4 16. Bb1 b5 17. e4 dxe4 18. fxe4 Qd7 {½-½ (116) Lee,K (1959)-Kebbedies,F (1842) Ho Chi Minh City 2015}) 12. dxc5 bxc5 13. b4 Rc8 14. Bb2 Qb6 15. Rb1 c4 16. Bf5 a6 (16... Ra8 $16) 17. Qc2 (17. Bxf6 $1 $18 Nxf6 18. Bxc8 Rxc8 19. Qd4) 17... Rc7 18. Bd4 Qd6 19. Ng3 Re8 $16 20. Rfd1 g6 21. Bh3 Ne5 22. Qc3 Bc8 23. Bxc8 Rcxc8 24. a4 Nfd7 25. b5 axb5 26. axb5 Rb8 27. Ne2 f5 28. Nf4 Nf6 29. f3 Rb7 30. b6 Kf7 31. Rb5 g5 32. Ne2 h5 33. Qc2 Qd7 34. Ra5 Re7 35. Ng3 Kg6 36. Qc3 Qe6 37. h4 gxh4 38. Ne2 Nc6 39. Nf4+ 1-0

[Event "Israel Team Ch Under 18"]
[Site "Jerusalem"]
[Date "2017.08.14"]
[Round "5"]
[White "Shohat, Yotam"]
[Black "Friedland, Moshe"]
[Result "1/2-1/2"]
[ECO "B90"]
[WhiteElo "2041"]
[BlackElo "2264"]
[Annotator "NA"]
[PlyCount "55"]
[EventDate "2017.??.??"]
[EventType "swiss"]
[EventCountry "ISR"]
[SourceTitle "playchess.com"]
[Source "ChessBase"]
[SourceQuality "1"]
[TimeControl "40/5400+30:1800+30"]

1. e4 c5 2. Nf3 d6 3. d4 cxd4 4. Nxd4 Nf6 5. Nc3 a6 6. a3 e5 7. Nf5 d5 8. Bg5 d4 9. Bxf6 Qxf6 10. Nd5 Qd8 11. Qg4 Bxf5 12. Qxf5 Bd6 13. Bc4 O-O 14. h4 Nc6 15. h5 Ne7 16. Qf3 Nxd5 17. Bxd5 Qa5+ 18. Kd1 h6 19. Rh3 Kh8 20. Qf5 Qb5 21. Ra2 Qf1+ 22. Kd2 Be7 23. Rg3 Bg5+ 24. Rxg5 hxg5 25. h6 Qxg2 26. Bxf7 Rxf7 27. Qxf7 gxh6 28. Qf6+ 1/2-1/2

[Event "Israel Team Ch Under 18"]
[Site "Jerusalem"]
[Date "2017.08.14"]
[Round "5"]
[White "Solomon, Asif"]
[Black "Weintraub, Amit"]
[Result "1-0"]
[ECO "A43"]
[WhiteElo "2041"]
[BlackElo "1801"]
[Annotator "NA"]
[PlyCount "39"]
[EventDate "2017.??.??"]
[EventType "swiss"]
[EventCountry "ISR"]
[SourceTitle "playchess.com"]
[Source "ChessBase"]
[SourceQuality "1"]
[TimeControl "40/5400+30:1800+30"]

1. d4 g6 2. c4 Bg7 3. Nc3 c5 4. d5 Bxc3+ 5. bxc3 f5 6. Qc2 Nf6 7. f3 Qa5 8. Bd2 d6 9. e4 fxe4 10. fxe4 Nbd7 11. Nf3 Nb6 12. Bd3 e5 13. O-O O-O 14. Bh6 Bd7 15. Bxf8 Rxf8 16. Nd2 Kg7 17. Rf2 Ng4 18. Rxf8 Ne3 19. Qc1 Kxf8 20. Nb3 1-0

[Event "Israel Team Ch Under 18"]
[Site "Jerusalem"]
[Date "2017.08.14"]
[Round "5"]
[White "Feldman, Antony"]
[Black "Landau, Amit"]
[Result "1/2-1/2"]
[ECO "A16"]
[WhiteElo "1975"]
[BlackElo "1965"]
[Annotator "NA"]
[PlyCount "46"]
[EventDate "2017.??.??"]
[EventType "swiss"]
[EventCountry "ISR"]
[SourceTitle "playchess.com"]
[Source "ChessBase"]
[SourceQuality "1"]
[TimeControl "40/5400+30:1800+30"]

1. c4 Nf6 2. Nc3 c6 3. Nf3 d5 4. e3 e6 5. b3 Nbd7 6. Bb2 Bd6 7. d4 O-O 8. Bd3 b6 9. O-O Bb7 10. e4 dxe4 11. Nxe4 Be7 12. Ng3 c5 13. Bc2 Qc7 14. Qe2 Bd6 15. Rad1 Rad8 16. Rfe1 Rfe8 17. Bb1 Qc6 18. Qd3 cxd4 19. Bxd4 Bc7 20. Ne4 Nxe4 21. Qxe4 Qxe4 22. Bxe4 Bxe4 23. Rxe4 e5 1/2-1/2

[Event "Israel Team Ch Under 18"]
[Site "Jerusalem"]
[Date "2017.08.14"]
[Round "5"]
[White "Gitzman, Michael"]
[Black "Tzidkiya, Yeshaayahu"]
[Result "0-1"]
[ECO "A45"]
[WhiteElo "1912"]
[BlackElo "2156"]
[Annotator "NA"]
[PlyCount "47"]
[EventDate "2017.??.??"]
[EventType "swiss"]
[EventCountry "ISR"]
[SourceTitle "playchess.com"]
[Source "ChessBase"]
[SourceQuality "1"]
[TimeControl "40/5400+30:1800+30"]

1. d4 Nf6 2. Nc3 g6 3. Bf4 c5 4. dxc5 Qa5 5. f3 Qxc5 6. e4 Bg7 7. Qd2 O-O 8. Be3 Qa5 9. Bc4 Nc6 10. Nge2 d6 11. O-O Bd7 12. Rab1 Rfc8 13. Bb3 b5 14. Nd4 Ne5 15. Nd5 $2 (15. Ncxb5 $1 $11 {and White has nothing to worry.} Qxd2 16. Bxd2) 15... Qxd2 16. Bxd2 Nxd5 17. Bxd5 $17 Nc4 18. Bc3 b4 19. Bxa8 Rxa8 20. Bxb4 Bxd4+ 21. Kh1 a5 22. Rfd1 Bxb2 23. Bd2 Ba4 24. Bc1 0-1

[Event "Israel Team Ch Under 18"]
[Site "Jerusalem"]
[Date "2017.08.14"]
[Round "5"]
[White "Chachashvili, Zuri"]
[Black "Globus, Or"]
[Result "1/2-1/2"]
[ECO "B42"]
[WhiteElo "1911"]
[BlackElo "2259"]
[Annotator "NA"]
[PlyCount "55"]
[EventDate "2017.??.??"]
[EventType "swiss"]
[EventCountry "ISR"]
[SourceTitle "playchess.com"]
[Source "ChessBase"]
[SourceQuality "1"]
[TimeControl "40/5400+30:1800+30"]

1. e4 c5 2. Nf3 e6 3. d4 cxd4 4. Nxd4 a6 5. Bd3 Bc5 6. Nb3 Be7 {[%emt 0:00:26] LiveBook: 2177 Games} 7. Nc3 d6 8. Be3 {[%emt 0:01:59] B42: Sicilian: Kan Variation: 5 Bd3} (8. Qg4 g6 9. Qe2 Nd7 10. O-O Qc7 11. f4 b5 12. Be3 Bb7 13. f5 gxf5 14. exf5 e5 15. Be4 Ngf6 16. Bxb7 Qxb7 {1-0 (60) Vachier Lagrave,M (2788)-Caruana,F (2795) chess.com INT 2016}) 8... Nd7 9. a4 b6 10. O-O Ngf6 11. f4 Bb7 12. Qf3 g6 13. Rae1 Qc7 14. Bd2 $146 ({Find the theoretical novelty and annotate with similar games:} 14. Qe2 h5 15. Bd2 {0-1 (51) Kazakos,E (2105)-Krzyzanowski,M (2356) Batumi 2010}) 14... Nc5 15. Qe2 Nxd3 16. cxd3 O-O 17. Rc1 Qd7 18. Nd4 Rfe8 19. Be3 Rab8 20. b4 Bf8 21. b5 Bg7 22. bxa6 Bxa6 23. Ndb5 h5 24. h3 Rec8 $14 25. Qf2 Rc6 26. Nd4 Rcc8 27. Ndb5 Rc6 28. Nd4 1/2-1/2

[Event "Israel Team Ch Under 18"]
[Site "Jerusalem"]
[Date "2017.08.14"]
[Round "5"]
[White "Kochavi, Ori"]
[Black "Zhimalov, Adam"]
[Result "*"]
[ECO "B40"]
[WhiteElo "1901"]
[BlackElo "2036"]
[Annotator "NA"]
[PlyCount "61"]
[EventDate "2017.??.??"]
[EventType "swiss"]
[EventCountry "ISR"]
[SourceTitle "playchess.com"]
[Source "ChessBase"]
[SourceQuality "1"]
[TimeControl "40/5400+30:1800+30"]

1. e4 c5 2. Nf3 e6 3. d4 cxd4 4. Nxd4 Nf6 5. Nc3 Nc6 6. Ndb5 Bb4 7. Bd3 {[%emt 0:02:10] B45: Sicilian Four Knights} (7. a3) 7... a6 8. Na3 d5 $146 ({Predecessor:} 8... Qa5 9. Qd2 b5 10. O-O Bb7 11. Re1 O-O 12. Nab1 d5 13. a3 d4 14. axb4 Qxa1 {0-1 (26) Sengupta,O (2145)-Vincic,V London,Canada 1995}) 9. exd5 Nxd5 10. Bd2 Nxc3 11. Bxc3 Bxc3+ 12. bxc3 Qa5 13. Nb1 O-O 14. O-O Rd8 15. Re1 Ne7 16. Qf3 Ng6 17. Nd2 Qxc3 18. Bxg6 Qxf3 19. Bxh7+ Kxh7 20. Nxf3 b5 21. Rad1 Bb7 22. Ne5 Kg8 23. f3 Rac8 24. Rxd8+ Rxd8 25. Kf2 Bd5 26. Nd3 (26. Ke3 $15) 26... Bxa2 27. Nb4 Bc4 28. Ra1 Rd2+ $17 29. Kg1 a5 30. Rxa5 Rd1+ 31. Kf2 *

[Event "Israel Team Ch Under 18"]
[Site "Jerusalem"]
[Date "2017.08.14"]
[Round "5"]
[White "Ehrlich, Roy"]
[Black "Hochman, Elnatan"]
[Result "0-1"]
[ECO "B06"]
[WhiteElo "1884"]
[BlackElo "2097"]
[Annotator "NA RC"]
[PlyCount "95"]
[EventDate "2017.??.??"]
[EventType "swiss"]
[EventCountry "ISR"]
[SourceTitle "playchess.com"]
[Source "ChessBase"]
[SourceQuality "1"]
[TimeControl "40/5400+30:1800+30"]

1. e4 g6 2. d4 Bg7 3. Nf3 d6 4. Nc3 Nd7 5. Bc4 h6 {[%emt 0:01:47] B06: Modern Defence} (5... e6 6. O-O a6 7. a4 b6 8. Re1 Bb7 9. e5 dxe5 10. d5 exd5 11. Nxd5 Ne7 12. Bg5 Bxd5 13. Bxd5 Rb8 {½-½ (55) Bruzon Batista,L (2607)-Flores,D (2558) Morelia 2008}) 6. O-O e5 7. Be3 Ngf6 8. h3 O-O 9. Qd2 Kh7 10. Rad1 a6 $146 ({Find the theoretical novelty and annotate with similar games:} 10... exd4 11. Bxd4 Qe7 12. Rfe1 Ne5 13. Be2 Nfd7 {1-0 (41) Fuskova,M (1739)-Zuziak,P (1577) Czechia 2011}) 11. dxe5 dxe5 12. Nxe5 Nxe5 13. Qxd8 Rxd8 14. Rxd8 Nxc4 15. b3 Ne5 16. Nd5 Nxd5 17. exd5 b5 18. f4 Nd7 19. d6 cxd6 20. Rd1 Nc5 21. R8xd6 Ne6 22. Rb6 Bf6 23. g3 Be7 24. Kh2 h5 25. h4 (25. g4 $15) 25... Kg7 26. c3 f6 ({Black should play} 26... Kf8 27. c4 Bd8) 27. a4 bxa4 28. bxa4 $17 Kf7 29. Rdb1 Bd7 30. a5 Bd8 31. Rb7 Ke7 32. Rd1 Nc7 33. Bc5+ Ke8 34. Re1+ Ne6 35. Bb6 Be7 36. Re3 Bc8 37. Ra7 Rxa7 38. Bxa7 Kd7 39. Re1 Kc6 40. Rb1 Bd8 41. Bb6 Nc7 42. c4 Be6 43. Bd4 Ne8 44. Rb8 Kd7 45. Bb6 Bxb6 46. axb6 Bxc4 47. Rxe8 Kc6 48. Rc8+ 0-1

[Event "Israel Team Ch Under 18"]
[Site "Jerusalem"]
[Date "2017.08.14"]
[Round "5"]
[White "Barak, Gil"]
[Black "Tillinger, Aviv"]
[Result "1-0"]
[ECO "B56"]
[WhiteElo "1809"]
[BlackElo "1815"]
[Annotator "NA"]
[PlyCount "69"]
[EventDate "2017.??.??"]
[EventType "swiss"]
[EventCountry "ISR"]
[SourceTitle "playchess.com"]
[Source "ChessBase"]
[SourceQuality "1"]
[TimeControl "40/5400+30:1800+30"]

1. e4 c5 2. Nf3 d6 3. d4 cxd4 4. Nxd4 Nf6 5. Nc3 Nc6 6. f3 e5 7. Nb3 Be6 8. Be3 Be7 9. Qd2 O-O 10. O-O-O a6 11. g4 b5 12. Nd5 {[%emt 0:01:32] B90: Sicilian Najdorf: Unusual White 6th moves, 6 Be3 Ng4 and 6 Be3 e5} Bxd5 13. exd5 Nb8 (13... Na7 14. h4 Nd7 15. Kb1 Qc7 16. Bd3 Nb6 17. Qe1 Nxd5 18. Bxa7 Rxa7 19. Bxh7+ Kxh7 20. Rxd5 {1-0 (50) Djukic,N (2531)-Nikac,P (2358) Cetinje 2007}) 14. Kb1 Nfd7 15. Bd3 $146 ({Predecessor:} 15. g5 Nb6 16. Na5 Qc7 17. h4 Nc4 18. Nxc4 bxc4 19. c3 Nd7 {1-0 (32) Kowalski,I (1824)-Ochowicz,J (1597) Walbrzych 2013}) 15... Nc5 16. Nxc5 dxc5 17. d6 Bxd6 18. Be4 Ra7 19. Bxc5 Rd7 20. Bf5 Bxc5 21. Bxd7 Qb6 22. Bf5 Nc6 23. Be4 Nd4 24. Qd3 g6 25. h4 Ne6 26. h5 Rd8 27. Qe2 Nf4 $18 28. Rxd8+ Qxd8 29. Rd1 Qg5 30. Qd2 Kg7 31. hxg6 hxg6 32. Rh1 f5 33. Qd7+ Be7 34. gxf5 gxf5 35. Qxf5 1-0